 Dungeon Crawl Stone Soup version 0.31-a0-214-gb37851dbb3 (webtiles) character file.

Game seed: 17030763768598794463

13185 qw the Cleaver (level 12, -3/76 HPs)
             Began as a Gargoyle Fighter on July 1, 2023.
             Was an Elder of Okawaru.
             Killed from afar by a starcursed mass (8 damage)
             ... with an accursed screaming
             ... on level 1 of the Abyss.
             The game lasted 00:04:57 (8714 turns).

qw the Cleaver (Gargoyle Fighter)                   Turns: 8714, Time: 00:04:58

Health: -3/76      AC: 30    Str: 30      XL:     12   Next: 3%
Magic:  15/17      EV: 14    Int:  9 (10) God:    Okawaru [****..]
Gold:   588        SH:  6    Dex:  7      Spells: 11/11 levels left

rFire   + . .        Y - +5 war axe
rCold   . . .        c - +0 buckler
rNeg    + . .        a - +0 plate armour
rPois   inf          t - +1 hat
rElec   +            k - +0 cloak
rCorr   .            g - +1 pair of gloves {Stlth+}
SInv    .            (no boots)
Will    .....        (no amulet) Stlth
                     o - +5 ring of evasion
HPRegen 0.32/turn    i - +6 ring of strength
MPRegen 0.15/turn

%: no passive effects
@: heroic
A: sickness immunity, AC +8, negative energy resistance 1, electricity
resistance, torment resistance 1, petrification resistance, clumsy 1, fire
resistance 1
a: Renounce Religion, Heroism, Finesse


You were on level 1 of the Abyss.
You worshipped Okawaru.
Okawaru was greatly pleased with you.
You visited 3 branches of the dungeon, and saw 11 of its levels.
You visited the Abyss 1 time.

You collected 588 gold pieces.


Innate Abilities, Weirdness & Mutations

You are immune to sickness and miasma.
Your stone body is resilient. (AC +8)
You are immune to poison.
You resist negative energy. (rN+)
You are resistant to electric shocks. (rElec)
You are resistant to unholy torment.
You are immune to petrification.
You are clumsy. (Dex -2)
Your flesh is heat resistant. (rF+)


   Skills:
 - Level 9.0(14.0) Fighting
 - Level 12.0(17.0) Axes
 - Level 3.1(8.1) Throwing
 - Level 8.4(13.4) Armour
 - Level 1.2(6.2) Dodging
 + Level 5.7(10.7) Shields
 + Level 7.8 Invocations


You had 11 spell levels left.
You didn't know any spells.
Your spell library was empty.

Inventory:

Hand Weapons
 l - a +4 morningstar
 Y - a +5 war axe (weapon)
Missiles
 q - 16 boomerangs (quivered)
Armour
 a - a +0 plate armour (worn)
 c - a +0 buckler (worn)
 g - a +1 pair of gloves of stealth (worn)
 k - a +0 cloak (worn)
 t - a +1 hat (worn)
Jewellery
 b - a ring of protection from cold
 i - a +6 ring of strength (right hand)
 o - a +5 ring of evasion (left hand)
Wands
 j - a wand of digging (2)
Scrolls
 m - 4 scrolls of identify
Potions
 d - 2 potions of might
 e - 2 potions of enlightenment
 f - a potion of mutation
 h - a potion of lignification
 p - a potion of curing

Dungeon Overview and Level Annotations

Branches:
Dungeon (9/15)             Temple (1/1) D:5            Lair (1/5) D:9
    Orc: D:9-12

Altars:
Ashenzari
Cheibriados
Dithmenos
Elyvilon
Fedhas
Gozag
Hepliaklqana
Kikubaaqudgha
Makhleb
Nemelex Xobeh
Okawaru
Qazlal
Ru
Sif Muna
Trog
Uskayaw
Vehumet
Wu Jian
Xom
Yredelemnul
Zin
The Shining One

Shops:
D:2 =   D:6 :

Annotations:
D:6 1 runed translucent door, Crazy Yiuf
Lair:1 Sonja


Message History

You kill the ynoxinul!
Okawaru accepts your kill.
You slash the large abomination!
You hit the starcursed mass but do no damage.
You hit the starcursed mass.
The starcursed mass shudders and is absorbed by its neighbour.
A starcursed mass splits.
The large abomination misses you.
You slash the starcursed mass!
You destroy the starcursed mass!
Okawaru accepts your kill.
You hit the large abomination.
You hit the starcursed mass but do no damage.
The starcursed mass touches you. The neqoxec gestures at you.
You feel dopey. Something feeds on your intellect!
You have reached level 12!
You feel clever.
You hit the starcursed mass but do no damage.
The starcursed mass is almost destroyed.
You slash the starcursed mass! You barely miss the large abomination.
The starcursed mass shudders and is absorbed by its neighbour.
The large abomination completely misses you.
A starcursed mass splits.
You hit the starcursed mass.
The starcursed mass is almost destroyed.
You hit the large abomination but do no damage.
You slash the starcursed mass!
You destroy the starcursed mass!
Okawaru accepts your kill.
The large abomination closely misses you.
You hit the starcursed mass.
The starcursed mass is almost destroyed.
You slash the large abomination!
The starcursed mass shrieks in your mind.
You hit the starcursed mass but do no damage.
The starcursed mass is almost destroyed.
You slash the large abomination!
The large abomination hits you but does no damage.
The starcursed mass shrieks in your mind.
You die...

..#. #....#... .
....#.....#..
#..(.... ... .
#....#.... .
..#...#.#.# . # .
.......3.# . #
...#..X..## ## ..
#......@.## .###.
#. #....#.X.# ..#
#
.......#...#...#..
. ##...###.#... #.
. #.... #
...#...... .... ..
.#..... #### .....
......# # .. ....
. .... ..# . .# .
.# ####.


You could see a starcursed mass, a large abomination and a neqoxec.

Vanquished Creatures
  A bunyip (Abyss:1)
  A green death (Abyss:1)
  A death knight (D:9)
  An ugly thing (D:9)
  A cyclops (D:9)
  Maggie (D:6)
  A hornet (D:9)
  3 raiju (Abyss:1)
  A shadow (D:9)
  Sigmund (D:6)
  A vampire (Abyss:1)
  2 ynoxinuls (Abyss:1)
  A wraith (D:9)
  12 yaks
  5 wyverns
  4 small abominations (Abyss:1)
  A steam dragon (D:7)
  A basilisk (D:9)
  5 water moccasins
  An acid dragon (D:9)
  3 orc warriors
  3 sky beasts
  An ice beast (D:7)
  2 black bears
  A centaur (D:8)
  A phantom (D:5)
  5 kobold brigands
  7 bullfrogs
  6 scorpions
  A water moccasin zombie (D:4)
  17 wights
  8 killer bees (D:9)
  2 howler monkeys
  A jelly (D:7)
  2 hounds (D:5)
  2 gnoll boudas
  An orc priest (D:7)
  3 starcursed masses (Abyss:1)
  5 iguanas
  A scorpion zombie (D:4)
  7 orc wizards
  9 adders
  10 gnolls
  2 ufetubi
  2 adder zombies (D:4)
  A worm (D:5)
  3 dart slugs
  22 orcs
  7 bats
  7 endoplasms
  4 giant cockroaches
  11 goblins
  5 hobgoblins
  5 jackals
  16 kobolds
  5 quokkas
  6 ball pythons
  8 rats
247 creatures vanquished.

Notes
Turn   | Place    | Note
-------+----------+-------------------------------------------
     0 | D:1      | qw the Gargoyle Fighter began the quest for the Orb.
     0 | D:1      | Reached XP level 1. HP: 14/14 MP: 1/1
     0 | D:1      | 0 ||| qw: Version: 0.3-a-32-g5962c71
     0 | D:1      | 0 ||| qw: Game counter: 7645
     0 | D:1      | 0 ||| qw: Melee chars always use a shield: true
     0 | D:1      | 0 ||| qw: God list: Okawaru
     0 | D:1      | 0 ||| qw: Allow faded altars: false
     0 | D:1      | 0 ||| qw: Do Orc after clearing Dungeon:15 true
     0 | D:1      | 0 ||| qw: Do second Lair branch before Depths: true
     0 | D:1      | 0 ||| qw: Lair rune preference: random
     0 | D:1      | 0 ||| qw: Goals: Normal, Zot:1-4, Slime:5, God:TSO, Crypt,
                  | Tomb, Abyss, Pan, Hells, Win
     0 | D:1      | 0 ||| PLANNING D:1-11
    27 | D:1      | Reached skill level 2 in Axes
    40 | D:1      | 40 ||| Stepping ~*~*~tactically~*~*~ (stealth).
    41 | D:1      | 41 ||| Stepping ~*~*~tactically~*~*~ (stealth).
    43 | D:1      | 43 ||| Stepping ~*~*~tactically~*~*~ (stealth).
    54 | D:1      | Reached XP level 2. HP: 19/19 MP: 2/2
   525 | D:1      | 525 ||| UPGRADING to ring of protection from cold.
   526 | D:1      | 526 ||| DROPPING ring of magical power.
   527 | D:1      | 527 ||| READING scroll labelled ECHUUTO LAER.
   528 | D:1      | 528 ||| READING scroll labelled OPLIFU OPRA.
   529 | D:1      | 529 ||| READING scroll labelled HOEHIKA RIMI.
   530 | D:1      | 530 ||| READING scroll labelled MAS LALENTU.
   565 | D:2      | Reached skill level 3 in Axes
   585 | D:2      | Reached XP level 3. HP: 20/23 MP: 3/3
   915 | D:2      | 915 ||| Stepping ~*~*~tactically~*~*~ (stealth).
  1060 | D:2      | Found Qanaarau's Jewellery Emporium.
  1069 | D:2      | 1069 ||| SHOPLISTING +5 ring of evasion (468 gold, have
                  | 123).
  1069 | D:2      | 1069 ||| SHOPLISTING amulet of faith (520 gold, have 123).
  1069 | D:2      | 1069 ||| SHOPLISTING amulet of reflection (390 gold, have
                  | 123).
  1069 | D:2      | 1069 ||| SHOPLISTING ring "Sufer" {AC+4 Str+6 Slay+3} (886
                  | gold, have 123).
  1069 | D:2      | 1069 ||| SHOPLISTING ring of fire (325 gold, have 123).
  1069 | D:2      | 1069 ||| SHOPLISTING ring of protection from cold (325
                  | gold, have 123).
  1136 | D:2      | Reached XP level 4. HP: 28/28 MP: 4/4
  1221 | D:2      | 1221 ||| UPGRADING to +6 ring of strength.
  1222 | D:2      | 1222 ||| READING 2 scrolls labelled SEUT JOCAA.
  1225 | D:2      | 1225 ||| DRINKING 2 green potions.
  1226 | D:2      | 1226 ||| DRINKING 2 inky potions.
  1281 | D:3      | 1281 ||| Stepping ~*~*~tactically~*~*~ (stealth).
  1282 | D:3      | 1282 ||| Stepping ~*~*~tactically~*~*~ (stealth).
  1358 | D:3      | Reached skill level 4 in Axes
  1364 | D:3      | 1364 ||| READING scroll of enchant weapon.
  1364 | D:3      | 1364 ||| ENCHANTING +1 war axe.
  1470 | D:3      | Found a white marble altar of Elyvilon.
  1539 | D:3      | Noticed a centaur
  1540 | D:3      | Noticed a phantom
  1747 | D:3      | Found a hide-covered altar of Uskayaw.
  1801 | D:3      | 1801 ||| DROPPING +0 leather armour of cold resistance.
  1802 | D:3      | 1802 ||| UPGRADING to +0 chain mail.
  1812 | D:3      | 1812 ||| DROPPING +0 scale mail.
  1813 | D:3      | 1813 ||| READING scroll labelled VIAPUO DUUKKAH.
  1814 | D:3      | 1814 ||| READING 2 scrolls of identify.
  1814 | D:3      | 1814 ||| IDENTIFYING ruby potion
  1815 | D:3      | 1815 ||| DROPPING potion of degeneration.
  1828 | D:4      | Found a basalt altar of Yredelemnul.
  1858 | D:4      | Reached XP level 5. HP: 25/32 MP: 5/5
  1900 | D:4      | Reached skill level 5 in Axes
  1946 | D:4      | Reached XP level 6. HP: 32/38 MP: 6/6
  1952 | D:4      | 1952 ||| FLEEEEING.
  1953 | D:4      | 1953 ||| FLEEEEING.
  1954 | D:4      | 1954 ||| FLEEEEING.
  1955 | D:4      | 1955 ||| FLEEEEING.
  1956 | D:4      | 1956 ||| FLEEEEING.
  2084 | D:4      | 2084 ||| READING scroll of enchant weapon.
  2084 | D:4      | 2084 ||| ENCHANTING +2 war axe.
  2106 | D:4      | 2106 ||| Stepping ~*~*~tactically~*~*~ (stealth).
  2108 | D:4      | 2108 ||| Stepping ~*~*~tactically~*~*~ (stealth).
  2184 | D:4      | 2184 ||| Stepping ~*~*~tactically~*~*~ (hiding).
  2431 | D:4      | Reached skill level 6 in Axes
  2515 | D:4      | 2515 ||| DROPPING +0 whip.
  2756 | D:4      | 2756 ||| READING scroll labelled VUAN FUM VYP.
  2757 | D:4      | 2757 ||| DRINKING 2 sedimented white potions.
  2757 | D:4      | Gained mutation: You are clumsy. (Dex -2) [potion of
                  | mutation]
  2757 | D:4      | Gained mutation: Your flesh is heat resistant. (rF+)
                  | [potion of mutation]
  2758 | D:4      | 2758 ||| READING 2 scrolls of identify.
  2758 | D:4      | 2758 ||| IDENTIFYING coppery potion
  2759 | D:4      | 2759 ||| DROPPING potion of berserk rage.
  2784 | D:5      | Entered Level 5 of the Dungeon
  2805 | D:5      | Reached XP level 7. HP: 36/43 MP: 7/7
  2987 | D:5      | Found a staircase to the Ecumenical Temple.
  2988 | D:5      | 2988 ||| PLANNING TEMPLE
  2988 | D:5      | 2988 ||| DRINKING 2 murky puce potions.
  2989 | D:5      | 2989 ||| DRINKING 2 emerald potions.
  2990 | D:5      | 2990 ||| DRINKING potion of curing.
  2990 | D:5      | 2990 ||| (to cure confusion)
  2991 | D:5      | 2991 ||| READING 2 scrolls of identify.
  2991 | D:5      | 2991 ||| IDENTIFYING bubbling black potion
  2992 | D:5      | 2992 ||| DROPPING potion of ambrosia.
  2997 | Temple   | Entered the Ecumenical Temple
  3006 | Temple   | 3006 ||| PLANNING OKAWARU WORSHIP
  3170 | Temple   | Became a worshipper of Warmaster Okawaru
  3171 | Temple   | 3171 ||| PLANNING D:1-11
  3185 | D:5      | 3185 ||| READING scroll of enchant weapon.
  3185 | D:5      | 3185 ||| ENCHANTING +3 war axe.
  3264 | D:5      | Found an ancient bone altar of Kikubaaqudgha.
  3303 | D:5      | Reached skill level 7 in Axes
  3564 | D:6      | 3564 ||| Stepping ~*~*~tactically~*~*~ (stealth).
  3575 | D:6      | Reached skill level 1 in Dodging
  3576 | D:6      | Reached skill level 1 in Throwing
  3576 | D:6      | Reached XP level 8. HP: 39/49 MP: 8/8
  3580 | D:6      | Reached * piety under Okawaru
  3658 | D:6      | Reached skill level 1 in Invocations
  3731 | D:6      | Found a runed translucent door.
  3732 | D:6      | Noticed Crazy Yiuf
  3881 | D:6      | Noticed Sigmund
  3882 | D:6      | 3882 ||| INVOKING Heroism.
  3887 | D:6      | Killed Sigmund
  3941 | D:6      | 3941 ||| Stepping ~*~*~tactically~*~*~ (hiding).
  4015 | D:6      | 4015 ||| Stepping ~*~*~tactically~*~*~ (hiding).
  4017 | D:6      | 4017 ||| Stepping ~*~*~tactically~*~*~ (stealth).
  4032 | D:6      | 4032 ||| FLEEEEING.
  4042 | D:6      | 4042 ||| FLEEEEING.
  4043 | D:6      | 4043 ||| FLEEEEING.
  4044 | D:6      | 4044 ||| FLEEEEING.
  4045 | D:6      | 4045 ||| FLEEEEING.
  4046 | D:6      | 4046 ||| FLEEEEING.
  4047 | D:6      | 4047 ||| FLEEEEING.
  4048 | D:6      | 4048 ||| FLEEEEING.
  4054 | D:6      | 4054 ||| FLEEEEING.
  4055 | D:6      | 4055 ||| FLEEEEING.
  4056 | D:6      | 4056 ||| FLEEEEING.
  4069 | D:6      | 4069 ||| DROPPING +0 mace.
  4095 | D:6      | 4095 ||| Stepping ~*~*~tactically~*~*~ (stealth).
  4097 | D:6      | 4097 ||| Stepping ~*~*~tactically~*~*~ (hiding).
  4100 | D:6      | 4100 ||| INVOKING Heroism.
  4124 | D:6      | 4124 ||| Stepping ~*~*~tactically~*~*~ (stealth).
  4248 | D:6      | Noticed Maggie
  4249 | D:6      | 4249 ||| Stepping ~*~*~tactically~*~*~ (hiding).
  4250 | D:6      | 4250 ||| Stepping ~*~*~tactically~*~*~ (hiding).
  4252 | D:6      | 4252 ||| Stepping ~*~*~tactically~*~*~ (hiding).
  4259 | D:6      | 4259 ||| INVOKING Heroism.
  4264 | D:6      | Killed Maggie
  4265 | D:6      | Reached skill level 8 in Axes
  4336 | D:6      | 4336 ||| DROPPING +2 flail of draining.
  4337 | D:6      | 4337 ||| DROPPING +0 flail.
  4413 | D:6      | Found Nikluil's Book Emporium.
  4479 | D:6      | 4479 ||| Stepping ~*~*~tactically~*~*~ (hiding).
  4549 | D:6      | 4549 ||| READING scroll of enchant weapon.
  4549 | D:6      | 4549 ||| ENCHANTING +4 war axe.
  4683 | D:6      | Reached skill level 3 in Invocations
  4683 | D:6      | Reached XP level 9. HP: 53/54 MP: 11/11
  4766 | D:6      | 4766 ||| UPGRADING to +0 plate armour.
  4776 | D:6      | 4776 ||| DROPPING +0 chain mail.
  4777 | D:6      | 4777 ||| UPGRADING to +5 ring of evasion.
  4779 | D:6      | 4779 ||| READING scroll labelled BIOLEKH OMOA.
  4780 | D:6      | 4780 ||| READING 3 scrolls labelled ROTHREA PUONN.
  4818 | D:6      | 4818 ||| READING scroll labelled UFEURE XIMEKHLOEF.
  4819 | D:6      | 4819 ||| DROPPING 2 scrolls of torment.
  4980 | D:7      | 4980 ||| INVOKING Heroism.
  5042 | D:7      | 5042 ||| INVOKING Heroism.
  5046 | D:7      | Reached skill level 6 in Fighting
  5052 | D:7      | Reached ** piety under Okawaru
  5053 | D:7      | Reached skill level 9 in Axes
  5055 | D:7      | 5055 ||| FLEEEEING.
  5056 | D:7      | 5056 ||| FLEEEEING.
  5057 | D:7      | 5057 ||| INVOKING Heroism.
  5320 | D:7      | 5320 ||| INVOKING Heroism.
  5322 | D:7      | 5322 ||| Stepping ~*~*~tactically~*~*~ (stealth).
  5523 | D:7      | 5523 ||| INVOKING Heroism.
  5706 | D:7      | 5706 ||| UPGRADING to +1 pair of gloves of stealth.
  5711 | D:7      | 5711 ||| UPGRADING to +0 cloak.
  5716 | D:7      | 5716 ||| UPGRADING to +1 hat.
  5721 | D:7      | 5721 ||| READING scroll labelled JUAXKOF SIMOB.
  5794 | D:8      | 5794 ||| INVOKING Heroism.
  5879 | D:8      | Reached skill level 6 in Armour
  5885 | D:8      | Reached XP level 10. HP: 46/63 MP: 13/13
  6049 | D:8      | Reached skill level 10 in Axes
  6224 | D:8      | 6224 ||| INVOKING Heroism.
  6593 | D:9      | Noticed a green ugly thing
  6602 | D:9      | Killed a green ugly thing
  6647 | D:9      | 6647 ||| Stepping ~*~*~tactically~*~*~ (hiding).
  6650 | D:9      | 6650 ||| Stepping ~*~*~tactically~*~*~ (hiding).
  6805 | D:9      | Reached *** piety under Okawaru
  6806 | D:9      | Reached skill level 3 in Throwing
  6809 | D:9      | 6809 ||| Stepping ~*~*~tactically~*~*~ (stealth).
  6827 | D:9      | 6827 ||| Stepping ~*~*~tactically~*~*~ (stealth).
  6851 | D:9      | Identified the +0 scale mail of Taelovez {rElec rN+++
                  | Regen+ Str-4}
  6916 | D:9      | 6916 ||| Stepping ~*~*~tactically~*~*~ (stealth).
  6918 | D:9      | 6918 ||| Stepping ~*~*~tactically~*~*~ (hiding).
  6919 | D:9      | 6919 ||| Stepping ~*~*~tactically~*~*~ (hiding).
  6937 | D:9      | 6937 ||| Stepping ~*~*~tactically~*~*~ (stealth).
  6943 | D:9      | 6943 ||| Stepping ~*~*~tactically~*~*~ (stealth).
  7154 | D:9      | Noticed a cyclops
  7155 | D:9      | 7155 ||| Stepping ~*~*~tactically~*~*~ (hiding).
  7162 | D:9      | 7162 ||| INVOKING Heroism.
  7166 | D:9      | HP: 13/64 [cyclops (17)]
  7167 | D:9      | 7167 ||| READING 2 scrolls of teleportation.
  7168 | D:9      | 7168 ||| DRINKING 2 potions of heal wounds.
  7170 | D:9      | Killed a cyclops
  7170 | D:9      | Found a staircase to the Lair.
  7179 | D:9      | HP: 6/64 [yak (11)]
  7179 | D:9      | HP: 1/64 [yak (5)]
  7180 | D:9      | 7180 ||| READING scroll of teleportation.
  7181 | D:9      | 7181 ||| DRINKING potion of heal wounds.
  7184 | D:9      | Reached skill level 11 in Axes
  7184 | D:9      | 7184 ||| INVOKING Heroism.
  7188 | D:9      | 7188 ||| Stepping ~*~*~tactically~*~*~ (stealth).
  7189 | D:9      | 7189 ||| Stepping ~*~*~tactically~*~*~ (stealth).
  7225 | D:9      | 7225 ||| INVOKING Heroism.
  7230 | D:9      | Reached XP level 11. HP: 19/69 MP: 11/14
  7231 | D:9      | 7231 ||| Stepping ~*~*~tactically~*~*~ (stealth).
  7241 | D:9      | Reached skill level 9 in Fighting
  7290 | D:9      | 7290 ||| FLEEEEING.
  7291 | D:9      | 7291 ||| FLEEEEING.
  7292 | D:9      | 7292 ||| FLEEEEING.
  7419 | D:9      | 7419 ||| Stepping ~*~*~tactically~*~*~ (hiding).
  7479 | D:9      | Noticed a death knight
  7480 | D:9      | 7480 ||| Stepping ~*~*~tactically~*~*~ (hiding).
  7482 | D:9      | 7482 ||| Stepping ~*~*~tactically~*~*~ (hiding).
  7489 | D:9      | 7489 ||| INVOKING Heroism.
  7503 | D:9      | HP: 16/71 [??? (3)]
  7505 | D:9      | Killed a death knight
  7505 | D:9      | Reached **** piety under Okawaru
  7684 | D:9      | 7684 ||| DROPPING +1 morningstar of flaming.
  7849 | D:9      | 7849 ||| Stepping ~*~*~tactically~*~*~ (stealth).
  7860 | D:9      | 7860 ||| Stepping ~*~*~tactically~*~*~ (hiding).
  7976 | D:9      | 7976 ||| Stepping ~*~*~tactically~*~*~ (hiding).
  7977 | D:9      | 7977 ||| Stepping ~*~*~tactically~*~*~ (hiding).
  7980 | D:9      | 7980 ||| INVOKING Heroism.
  8084 | D:9      | 8084 ||| PLANNING LAIR
  8084 | D:9      | 8084 ||| READING scroll labelled WIS FU SYFUORI.
  8104 | Lair:1   | Entered Level 1 of the Lair of Beasts
  8200 | Lair:1   | 8200 ||| Stepping ~*~*~tactically~*~*~ (stealth).
  8290 | Lair:1   | Noticed Sonja
  8290 | Lair:1   | Found the amulet of Elemental Vulnerability {rPois rF--
                  | rC-- AC+8}
  8295 | Lair:1   | 8295 ||| DRINKING 2 potions of curing.
  8295 | Lair:1   | 8295 ||| (to cure confusion)
  8298 | Abyss:1  | Cast into level 1 of the Abyss (Sonja)
  8321 | Abyss:1  | 8321 ||| Stepping ~*~*~tactically~*~*~ (stealth).
  8381 | Abyss:1  | Noticed a wretched star
  8382 | Abyss:1  | 8382 ||| Stepping ~*~*~tactically~*~*~ (stealth).
  8383 | Abyss:1  | 8383 ||| Stepping ~*~*~tactically~*~*~ (stealth).
  8394 | Abyss:1  | 8394 ||| Stepping ~*~*~tactically~*~*~ (stealth).
  8403 | Abyss:1  | Reached skill level 6 in Invocations
  8486 | Abyss:1  | Noticed a green death
  8487 | Abyss:1  | 8487 ||| Stepping ~*~*~tactically~*~*~ (stealth).
  8490 | Abyss:1  | 8490 ||| Stepping ~*~*~tactically~*~*~ (hiding).
  8498 | Abyss:1  | 8498 ||| INVOKING Heroism.
  8502 | Abyss:1  | Killed a green death
  8548 | Abyss:1  | Noticed a bunyip
  8549 | Abyss:1  | 8549 ||| Stepping ~*~*~tactically~*~*~ (stealth).
  8550 | Abyss:1  | 8550 ||| Stepping ~*~*~tactically~*~*~ (stealth).
  8552 | Abyss:1  | 8552 ||| Stepping ~*~*~tactically~*~*~ (stealth).
  8553 | Abyss:1  | 8553 ||| Stepping ~*~*~tactically~*~*~ (stealth).
  8554 | Abyss:1  | 8554 ||| INVOKING Heroism.
  8564 | Abyss:1  | Killed a bunyip
  8565 | Abyss:1  | Reached skill level 12 in Axes
  8627 | Abyss:1  | 8627 ||| Stepping ~*~*~tactically~*~*~ (stealth).
  8628 | Abyss:1  | 8628 ||| Stepping ~*~*~tactically~*~*~ (stealth).
  8630 | Abyss:1  | 8630 ||| Stepping ~*~*~tactically~*~*~ (stealth).
  8631 | Abyss:1  | 8631 ||| Stepping ~*~*~tactically~*~*~ (stealth).
  8666 | Abyss:1  | Noticed a bone dragon
  8667 | Abyss:1  | 8667 ||| Stepping ~*~*~tactically~*~*~ (stealth).
  8686 | Abyss:1  | Noticed a starcursed mass
  8704 | Abyss:1  | 8704 ||| INVOKING Heroism.
  8707 | Abyss:1  | HP: 14/71 [ynoxinul/entropic shot (33)]
  8708 | Abyss:1  | 8708 ||| DRINKING potion of heal wounds.
  8710 | Abyss:1  | Killed a starcursed mass
  8711 | Abyss:1  | Reached XP level 12. HP: 10/76 MP: 14/17
  8713 | Abyss:1  | HP: 5/76 [starcursed mass/accursed screaming (6)]
  8714 | Abyss:1  | Killed from afar by a starcursed mass

Levels and vault maps discovered:
D:1:      roderic_crossed_star, layout_rooms, item_on_display_a
D:2:      layout_loops_cross, serial_shops, shop
D:3:      layout_rooms, general_overflow_altar, mainiacjoe_overflow_alcove_1,
          lightli_corner_chamber
D:4:      layout_loops_ring, nicolae_yredelemnul_corpse_copse
D:5:      layout_basic, kiku_gazebo_pond_becter, minmay_temple_entry_butterflies
D:6:      cheibrodos_quashed, layout_basic, serial_shops, kennysheep_little_box,
          uniq_maggie, uniq_sigmund, uniq_crazy_yiuf_cottage
D:7:      layout_basic, enter_bailey_3, minmay_unpleasant_kobolds
D:8:      layout_cave_pods, grunt_decor_one_mirror
D:9:      kennysheep_blocky_room, layout_basic, minmay_lair_entry_grove
Temple:   nicolae_temple_bog_church
Lair:1:   layout_loops_ring, grunt_forest_large_clearings, uniq_sonja
Abyss:1:  base: D:11, minivault_26

Skill      XL: |  1  2  3  4  5  6  7  8  9 10 11 |
---------------+----------------------------------+-----
Axes           | 2 3 4 5 6 7 8 9 11 12 | 12.0
Fighting       | 4 5 7 8 9 |  9.0
Dodging        | 1 |  1.2
Throwing       | 1 2 3 |  3.1
Invocations    | 3 4 7 |  7.8
Armour         | 6 7 8 |  8.4
Shields        | 4 5 |  5.7

Action                     |  1- 3 |  4- 6 |  7- 9 | 10-12 || total
---------------------------+-------+-------+-------+-------++-------
  Melee: War axe           |   122 |   114 |   244 |   283 ||   763
  Throw: Boomerang         |       |    27 |    68 |    32 ||   127
         Javelin           |       |       |    18 |    51 ||    69
 Invoke: Heroism           |       |       |     9 |     9 ||    18
    Use: Scroll            |     4 |     7 |     7 |     3 ||    21
         Potion            |       |     3 |     3 |     4 ||    10
 Armour: Scale mail        |    53 |    29 |       |       ||    82
         Chain mail        |       |    38 |    79 |       ||   117
         Plate armour      |       |       |    38 |   133 ||   171
  Dodge: Dodged            |    57 |    42 |    85 |   157 ||   341
  Block: Buckler           |    30 |    19 |    40 |    54 ||   143

Table legend:
 A = Non-vault XP
 B = Vault XP
 C = Vault XP percentage of total XP
 D = Non-vault monster count
 E = Vault monster count
 F = Vault count percentage of total count
                 A         B        C        D         E       F
            +---------+---------+-------+---------+---------+-------
      Total |   13119 |    5717 |  30.4 |     209 |      38 |  15.4
            +---------+---------+-------+---------+---------+-------
        D:1 |      29 |       0 |   0.0 |      18 |       0 |   0.0
        D:2 |      56 |       0 |   0.0 |      20 |       0 |   0.0
        D:3 |      42 |       0 |   0.0 |      16 |       0 |   0.0
        D:4 |     324 |     127 |  28.2 |      20 |       4 |  16.7
        D:5 |     423 |       0 |   0.0 |      10 |       0 |   0.0
        D:6 |     808 |     610 |  43.0 |      33 |       2 |   5.7
        D:7 |    1118 |     295 |  20.9 |      15 |      10 |  40.0
        D:8 |    1865 |       0 |   0.0 |      19 |       0 |   0.0
        D:9 |    2869 |    4471 |  60.9 |      38 |      21 |  35.6
     Lair:1 |     876 |     214 |  19.6 |       5 |       1 |  16.7
    Abyss:1 |    4709 |       0 |   0.0 |      15 |       0 |   0.0
            +---------+---------+-------+---------+---------+-------
